Map: Acid Plant LE

Players

Lambo

  • Race: Zerg Zerg
  • Spawn Location: 11:00

ShaDoWn - Winner!

  • Race: Protoss Protoss
  • Spawn Location: 5:00

Event: WCS Valencia 2018

VOD

Have the link to the VOD?

Description

Time

  • Played on: July 12, 2018, 6:51 a.m.
  • Length: 8:38

All games in this series

Show
View Real Time Build Order
Export as new Build Order

Lambo Zerg 

Build Orders: Hatch First 

Get SALT Encoding   

  12  0:00  Drone  
  13  0:13  Overlord  
  13  0:16  Drone  
  14  0:31  Drone x2  
  16  0:48  Hatchery  
  15  0:52  Drone  
  15  0:55  Drone  
  17  0:57  Drone  
  18  1:09  Extractor  
  17  1:13  Spawning Pool  
  16  1:18  Drone  
  16  1:20  Drone  
  18  1:30  Drone  
  19  1:43  Drone  
  20  1:51  Overlord  
  20  2:01  Queen x2  
  20  2:02  Zergling x4  
  26  2:11  Drone x2  
  26  2:12  Metabolic Boost  
  30  2:22  Drone x2  
  30  2:35  Hatchery  
  29  2:40  Drone  
  29  2:43  Drone x2  
  32  2:50  Queen  
  34  2:54  Overlord  
  34  2:58  Drone  
  35  3:02  Drone  
  38  3:12  Drone x2  
  38  3:13  Drone x4  
  38  3:16  Overlord  
  42  3:23  Drone  
  42  3:26  Drone  
  44  3:31  Overlord  
  44  3:34  Queen  
  44  3:35  Drone x2  
  44  3:39  Lair  
  44  3:41  Drone  
  49  3:46  Extractor x2  
  47  3:48  Overlord  
  47  3:50  Drone x3  
  47  3:54  Spore Crawler  
  49  3:57  Spore Crawler  
  49  4:00  Drone  
  49  4:02  Drone x2  
  51  4:04  Drone  
  51  4:05  Drone  
  51  4:07  Drone  
  55  4:10  Drone x2  
  55  4:13  Drone  
  57  4:17  Queen  
  57  4:19  Drone  
  57  4:23  Drone  
  61  4:29  Overlord, Drone x2  
  63  4:32  Drone x2  
  63  4:36  Overlord  
  63  4:37  Drone  
  66  4:39  Extractor  
  66  4:40  Drone  
  66  4:49  Hydralisk Den, Drone x3  
  66  4:52  Evolution Chamber, Drone  
  68  4:55  Overlord  
  68  4:56  Drone x4  
  71  5:10  Overlord  
  71  5:14  Extractor  
  71  5:19  Zerg Missile Weapons Level 1  
  71  5:21  Hydralisk x7  
  70  5:22  Muscular Augments  
  70  5:25  Hydralisk  
  86  5:32  Overlord  
  86  5:34  Hydralisk x2  
  90  5:40  Zergling x8  
  94  5:46  Hydralisk x2  
  94  5:47  Zergling x2  
  96  5:55  Hydralisk x2, Zergling x2  
  96  5:56  Zergling x2  
  100  5:59  Hydralisk  
  101  6:05  Overlord  
  101  6:11  Drone x2  
  101  6:12  Drone x2  
  101  6:14  Drone  
  106  6:19  Extractor  
  106  6:20  Drone  
  106  6:21  Overlord  
  106  6:23  Drone x2  
  108  6:29  Drone x2  
  108  6:30  Drone x2  
  112  6:34  Grooved Spines, Drone  
  112  6:36  Hatchery  
  112  6:37  Drone x2  
  114  6:47  Hydralisk x4  
  122  6:54  Lurker Den  
  122  6:56  Drone  
  122  7:09  Overlord x3  
  122  7:10  Extractor, Overlord  
  122  7:12  Overlord  
  122  7:14  Overlord  
  121  7:16  Overlord x2  
  121  7:20  Overlord  
  118  7:23  Drone x3  
  118  7:24  Infestation Pit  
  118  7:25  Drone  
  118  7:28  Overseer  
  121  7:32  Hydralisk  
  121  7:33  Hydralisk x2, Zergling x4  
  121  7:35  Hydralisk  
  131  7:41  Hydralisk  
  131  7:42  Zergling x4  
  131  7:43  Pneumatized Carapace  
  134  7:46  Hydralisk  
  134  7:49  Hydralisk x2  
  134  7:50  Zergling x2  
  141  7:54  Hydralisk x2  
  134  7:58  Hydralisk  
  134  8:01  Hydralisk  
  134  8:04  Hydralisk  
  134  8:05  Zergling x2  
  120  8:08  Hydralisk  
  120  8:11  Hydralisk  
  119  8:13  Hydralisk  
  119  8:14  Hydralisk, Zergling x2  
  117  8:20  Zergling x2  
Show
View Real Time Build Order
Export as new Build Order

ShaDoWn Protoss - Winner!

Build Orders: 1 Gate Expand, Oracle Opening, Phoenix Opening, Colossus Rush 

Get SALT Encoding   

  12  0:00  Probe  
  13  0:12  Probe  
  14  0:20  Pylon  
  14  0:24  Probe  
  15  0:35  Probe  
  15  0:39  Gateway  
  16  0:43  Probe  
  16  0:48  Assimilator  
  17  0:52  Probe  
  18  1:04  Probe  
  19  1:16  Probe  
  19  1:17  Pylon  
  20  1:30  Nexus  
  20  1:36  Cybernetics Core  
  20  1:38  Probe  
  21  1:45  Assimilator  
  21  1:50  Probe  
  22  1:54  Pylon  
  22  2:02  Probe  
  22  2:04  Adept  
  23  2:14  Probe  
  26  2:23  Stargate  
  26  2:26  Probe  
  27  2:30  Adept  
  27  2:36  Warp Gate, Probe  
  29  2:38  Probe  
  31  2:44  Probe  
  31  2:47  Probe  
  33  2:53  Probe  
  33  2:57  Probe  
  34  2:58  Phoenix  
  34  3:05  Probe  
  36  3:09  Probe  
  39  3:13  Gateway  
  39  3:17  Probe  
  39  3:18  Pylon  
  40  3:21  Oracle, Probe  
  44  3:29  Probe  
  44  3:33  Probe  
  46  3:34  Assimilator  
  46  3:36  Assimilator  
  46  3:41  Probe  
  47  3:42  Probe  
  47  3:46  Robotics Facility  
  48  3:50  Probe  
  48  3:53  Probe  
  48  3:54  Pylon  
  50  3:59  Probe  
  51  4:05  Probe  
  52  4:11  Gateway, Probe  
  52  4:12  Gateway  
  53  4:17  Probe  
  55  4:24  Warp Prism  
  56  4:35  Robotics Bay  
  56  4:36  Robotics Facility  
  56  4:45  Zealot  
  56  4:46  Zealot  
  56  4:48  Probe  
  60  5:00  Pylon  
  60  5:03  Nexus  
  60  5:07  Pylon  
  60  5:13  Colossus  
  60  5:19  Adept x2  
  60  5:20  Colossus  
  64  5:23  Pylon  
  64  5:34  Extended Thermal Lance  
  76  5:40  Probe  
  77  5:48  Probe  
  76  5:54  Sentry x2  
  76  5:56  Warp Prism, Pylon  
  78  5:58  Pylon  
  78  6:04  Gateway, Colossus  
  76  6:14  Gateway  
  76  6:17  Sentry x2  
  86  6:23  Sentry  
  89  6:25  Probe  
  89  6:26  Probe  
  89  6:27  Probe  
  89  6:28  Colossus  
  91  6:37  Probe  
  98  6:40  Adept x2  
  98  6:43  Probe  
  98  6:44  Probe  
  104  6:49  Probe  
  105  6:58  Adept  
  105  6:59  Adept  
  109  7:04  Probe  
  108  7:12  Adept x4  
  108  7:14  Pylon  
  116  7:16  Probe  
  115  7:25  Zealot  
  117  7:32  Probe x3  
  117  7:34  Adept x2  
  117  7:35  Gateway  
  124  7:38  Pylon  
  124  7:39  Observer, Pylon  
  124  7:41  Pylon  
  125  7:55  Probe  
  118  8:05  Adept x6  
  120  8:09  Probe  
  134  8:13  Probe x2  
  134  8:15  Assimilator  
  134  8:17  Assimilator  
  136  8:25  Adept x6  
  148  8:30  Twilight Council  
Tags
 
Add a new tag
Caveats
  • Supply blocks, unpowered buildings, or Contaminate may cause inaccurate times.
  • Supply counts are checked every 10 seconds.